Map: Dreamcatcher LE

Players

SpeCial - Winner!

  • Race: Terran Terran
  • Spawn Location: 11:00

puCK (Nina)

  • Race: Protoss Protoss
  • League: Master
  • Spawn Location: 5:00

Event: WCS Austin 2018

VOD

Have the link to the VOD?

Description

Time

  • Played on: June 1, 2018, 11:48 p.m.
  • Length: 10:24

All games in this series

Show
View Real Time Build Order
Export as new Build Order

SpeCial Terran - Winner!

Build Orders: Reaper Expand, MMM Bio, Banshee Rush 

Get SALT Encoding   

  12  0:00  SCV  
  13  0:13  SCV  
  14  0:17  Supply Depot  
  14  0:25  SCV  
  15  0:39  SCV  
  15  0:40  Barracks  
  16  0:44  Refinery  
  16  0:51  SCV  
  17  1:03  SCV  
  18  1:15  SCV  
  19  1:29  Orbital Command, Reaper  
  20  1:42  Command Center  
  20  1:55  SCV  
  20  1:56  Supply Depot  
  21  2:01  Marine  
  21  2:07  SCV  
  23  2:10  Factory  
  23  2:17  Refinery  
  23  2:19  SCV  
  24  2:23  Barracks Reactor  
  24  2:31  SCV  
  25  2:43  SCV  
  25  2:53  Hellion  
  25  2:54  Starport  
  25  2:55  Orbital Command  
  25  2:56  SCV  
  28  2:59  Marine  
  28  3:00  Marine  
  30  3:08  SCV  
  30  3:16  Factory Tech Lab  
  30  3:19  Marine x2  
  32  3:20  SCV  
  32  3:21  SCV  
  34  3:32  SCV  
  34  3:33  SCV  
  36  3:38  Supply Depot  
  36  3:39  Marine x2  
  36  3:41  Cloaking Field  
  38  3:44  SCV  
  38  3:45  Banshee  
  38  3:48  SCV, Factory Tech Lab  
  43  3:56  SCV  
  43  3:57  Marine x2  
  43  4:00  SCV  
  43  4:01  Supply Depot  
  47  4:08  Siege Tank, SCV  
  51  4:12  SCV  
  51  4:15  Marine x2  
  51  4:16  Supply Depot  
  54  4:22  SCV  
  55  4:24  SCV  
  55  4:28  Banshee  
  59  4:34  SCV  
  59  4:37  SCV  
  61  4:39  Command Center  
  61  4:42  Supply Depot  
  64  4:45  Siege Tank  
  64  4:51  Marine x2  
  66  4:56  SCV x2  
  63  5:08  SCV x2  
  63  5:09  Refinery  
  63  5:10  Marine  
  63  5:11  Supply Depot, Refinery, Marine  
  67  5:14  Banshee  
  67  5:20  SCV x2  
  72  5:25  Siege Tank  
  75  5:28  Marine x2  
  75  5:32  SCV  
  78  5:38  Barracks  
  78  5:39  Barracks  
  78  5:40  SCV  
  79  5:44  SCV  
  79  5:46  Marine x2  
  82  5:51  SCV  
  82  5:52  SCV  
  82  5:56  Bunker, SCV  
  85  5:57  Raven  
  85  6:02  Engineering Bay  
  85  6:03  Engineering Bay  
  87  6:04  Orbital Command, SCV  
  87  6:07  Marine  
  87  6:08  SCV  
  87  6:09  Bunker  
  89  6:12  Supply Depot, Siege Tank  
  89  6:16  SCV  
  93  6:20  SCV  
  93  6:25  Marine x2  
  96  6:26  Barracks Tech Lab x2  
  96  6:28  SCV  
  94  6:38  Terran Infantry Weapons Level 1  
  94  6:39  Terran Infantry Armor Level 1  
  94  6:43  Missile Turret  
  94  6:45  Orbital Command, Barracks  
  94  6:48  SCV  
  94  6:49  Barracks, SCV  
  94  6:51  Marine x2  
  94  6:52  Marine x2, Combat Shields  
  94  6:53  Stimpack  
  100  6:56  Starport Reactor  
  100  7:00  SCV  
  101  7:02  SCV  
  101  7:06  Siege Tank, Missile Turret  
  105  7:09  Marine x2  
  105  7:10  Marauder  
  105  7:13  Supply Depot  
  105  7:14  Supply Depot  
  105  7:15  Marauder, SCV x3  
  114  7:16  Missile Turret  
  114  7:20  Supply Depot  
  114  7:27  SCV x3  
  117  7:34  Medivac x2, Marine x2  
  117  7:35  Marauder  
  117  7:36  Supply Depot x2  
  117  7:37  Marauder  
  127  7:39  Refinery, SCV x2  
  127  7:40  SCV  
  127  7:41  Refinery  
  129  7:50  Armory  
  129  7:51  SCV x2  
  129  7:54  Marine x2  
  129  7:55  Marauder  
  129  7:56  Marauder  
  129  7:57  Barracks Reactor  
  137  7:58  Concussive Shells  
  137  8:00  SCV  
  137  8:04  Supply Depot  
  138  8:05  Starport  
  138  8:08  Medivac  
  138  8:10  SCV x2  
  142  8:15  Marine x2, Supply Depot x2  
  142  8:18  Sensor Tower  
  144  8:25  Medivac  
  144  8:26  Marine  
  146  8:27  Marauder x2  
  146  8:31  SCV x2  
  152  8:35  SCV  
  152  8:37  Factory Reactor  
  153  8:42  Marine x4  
  153  8:43  SCV  
  153  8:45  Marauder  
  153  8:46  Liberator x2  
  160  8:49  Marauder x2  
  153  9:01  Marine x2  
  153  9:02  Marine  
  152  9:06  Marauder  
  160  9:10  Marauder x2  
  160  9:14  Marine  
  153  9:19  Marine  
  153  9:22  Marine x2  
  152  9:28  Marauder  
  152  9:31  Marauder x2  
  152  9:35  Command Center  
  152  9:36  Marine  
  163  9:49  Marauder  
  163  9:51  Marine x2  
  162  9:53  Marauder x2  
  162  9:56  Marine  
  162  9:58  Marine  
  168  10:03  Supply Depot  
Show
View Real Time Build Order
Export as new Build Order

puCK Protoss 

Build Orders: 1 Gate Expand, Blink Stalkers 

Get SALT Encoding   

  12  0:00  Probe  
  13  0:12  Probe  
  14  0:17  Pylon  
  14  0:24  Probe  
  15  0:32  Probe  
  15  0:39  Gateway  
  15  0:40  Probe  
  16  0:47  Assimilator  
  17  0:51  Probe  
  18  1:03  Probe  
  19  1:15  Probe  
  20  1:25  Nexus  
  20  1:35  Cybernetics Core  
  20  1:36  Probe  
  21  1:44  Assimilator  
  21  1:48  Probe  
  21  1:54  Pylon  
  22  2:01  Probe  
  23  2:03  Adept  
  23  2:09  Probe  
  23  2:12  Warp Gate  
  26  2:17  Probe  
  27  2:27  Probe  
  27  2:29  Stalker  
  29  2:38  Probe  
  29  2:39  Probe  
  31  2:46  Probe  
  32  2:51  Probe  
  32  2:54  Probe  
  34  3:03  Probe  
  34  3:05  Probe  
  35  3:12  Twilight Council  
  36  3:15  Probe  
  36  3:17  Probe  
  36  3:18  Gateway  
  36  3:19  Stalker  
  38  3:24  Gateway  
  40  3:27  Probe  
  40  3:30  Probe  
  40  3:35  Assimilator  
  40  3:38  Assimilator  
  40  3:39  Blink, Probe  
  41  3:43  Probe  
  41  3:45  Pylon  
  42  3:52  Probe  
  42  3:54  Robotics Facility  
  42  3:55  Probe  
  44  4:04  Probe  
  44  4:07  Probe  
  46  4:13  Pylon  
  46  4:16  Probe  
  47  4:17  Stalker  
  47  4:18  Stalker  
  47  4:21  Probe  
  52  4:25  Forge  
  52  4:31  Pylon  
  52  4:36  Observer, Probe  
  53  4:42  Robotics Bay  
  54  4:48  Pylon  
  54  4:54  Probe  
  54  4:55  Observer  
  55  5:06  Probe  
  53  5:07  Protoss Ground Weapons Level 1  
  53  5:09  Probe  
  53  5:11  Observer  
  53  5:13  Nexus  
  56  5:26  Shield Battery  
  55  5:32  Gateway, Observer  
  55  5:34  Gateway  
  55  5:37  Gateway  
  55  5:38  Probe x2  
  58  5:45  Charge  
  58  5:48  Extended Thermal Lance  
  58  5:54  Stalker x2  
  60  5:58  Stalker  
  60  6:01  Colossus  
  68  6:16  Probe  
  67  6:24  Zealot x3  
  73  6:27  Probe  
  73  6:31  Probe  
  73  6:36  Probe  
  73  6:38  Nexus  
  73  6:43  Probe  
  73  6:44  Probe, Pylon  
  74  6:49  Sentry  
  74  6:53  Pylon  
  77  6:55  Pylon  
  76  7:02  Colossus  
  76  7:04  Protoss Ground Armor Level 1  
  76  7:07  Pylon  
  82  7:13  Zealot  
  84  7:18  Zealot x2  
  88  7:26  Probe x2  
  90  7:31  Zealot x2  
  94  7:38  Probe  
  94  7:39  Gateway, Observer, Probe  
  94  7:40  Gateway  
  96  7:48  Colossus  
  96  7:50  Probe  
  96  7:51  Probe x2  
  99  8:02  Probe  
  99  8:03  Probe x2  
  108  8:11  Probe  
  108  8:12  Templar Archives  
  106  8:15  Probe  
  108  8:21  Probe  
  108  8:26  Probe  
  110  8:33  Probe  
  111  8:34  Zealot x6  
  111  8:36  Zealot  
  111  8:39  Pylon  
  123  8:41  Pylon  
  123  8:50  Zealot  
  119  8:57  Zealot x7  
  119  9:01  Probe  
  122  9:08  Probe x2  
  122  9:09  Assimilator x2  
  102  9:18  Zealot x3  
  102  9:19  Zealot x3  
  102  9:21  High Templar x2  
  103  9:26  Archon  
  103  9:38  High Templar x4  
  112  9:39  High Templar x2  
  112  9:42  Archon x2  
  112  9:43  Archon  
  114  9:54  Zealot x2  
  118  10:02  Zealot x3  
  120  10:12  Stalker x3  
  109  10:22  Zealot x4  
Tags
 
Add a new tag
Caveats
  • Supply blocks, unpowered buildings, or Contaminate may cause inaccurate times.
  • Supply counts are checked every 10 seconds.